 Dungeon Crawl Stone Soup version 0.19.0 (webtiles) character file.

95 CanadianGator the Chopper (level 4, -1/41 HPs)
             Began as a Hill Orc Fighter on Nov 17, 2016.
             Slain by a gnoll
             ... wielding a +0 club
              (7 damage)
             ... on level 3 of the Dungeon.
             The game lasted 00:06:35 (1947 turns).

CanadianGator the Chopper (Hill Orc Fighter)        Turns: 1947, Time: 00:06:36

Health: -1/41      AC:  6    Str: 19    XL:     4   Next: 66%
Magic:  13/13      EV:  8    Int: 10    God:
Gold:   84         SH:  9    Dex: 10    Spells: 0 memorised, 3 levels left

rFire  . . .     SeeInvis .     a - +0 war axe
rCold  . . .     Gourm    .     r - +0 leather armour (curse)
rNeg   . . .     Faith    .     c - +0 shield
rPois  .         Spirit   .     x - +0 helmet
rElec  .         Reflect  .     (no cloak)
rCorr  .         Harm     .     p - +1 pair of gloves
MR     .....                    (no boots)
Stlth  +.........               (no amulet)
                                q - +2 ring of intelligence
                                i - ring of magical power

@: no status effects
A: no striking features
a: no special abilities


You were on level 3 of the Dungeon.
You were not hungry.

You visited 1 branch of the dungeon, and saw 3 of its levels.

You collected 84 gold pieces.

Inventory:

Hand Weapons
 a - a +0 war axe (weapon)
Armour
 b - a +0 scale mail
 c - a +0 shield (worn)
 j - a +0 chain mail
 p - a +1 pair of gloves (worn)
 r - a cursed +0 leather armour (worn)
 x - a +0 helmet (worn)
Jewellery
 i - a ring of magical power (left hand)
 q - a +2 ring of intelligence (right hand)
Scrolls
 e - a scroll of amnesia {unknown}
 h - a scroll of random uselessness {unknown}
 k - 5 scrolls of identify {unknown}
 l - a scroll of remove curse {unknown}
 o - 3 scrolls of teleportation {unknown}
 u - 2 scrolls of immolation {unknown}
 v - a scroll of magic mapping {unknown}
 w - a scroll of fear {unknown}
 y - a scroll of noise {unknown}
Potions
 d - 2 potions of might
 g - 4 potions of curing {unknown}
 m - 2 potions of berserk rage {unknown}
 z - a potion of mutation {unknown}
 A - a potion of cure mutation {unknown}
 B - a potion of lignification {unknown}
Comestibles
 f - 3 bread rations
 n - 3 meat rations
 s - a royal jelly
 t - a beef jerky


   Skills:
 * Level 4.4 Fighting
 * Level 4.9 Axes
 + Level 3.5 Armour
 + Level 3.7 Shields


You had 3 spell levels left.
You didn't know any spells.

Dungeon Overview and Level Annotations

Branches:
Dungeon (3/15)

Altars:


Message History

The gnoll barely misses you.
You closely miss the gnoll.
The gnoll is almost dead.
You block the gnoll's attack.
You closely miss the gnoll.
The gnoll is almost dead.
The gnoll hits you with a club.
* * * LOW HITPOINT WARNING * * *
The gnoll hits you but does no damage.
You hit the gnoll but do no damage.
The gnoll is almost dead.
You block the gnoll's attack.
You barely miss the gnoll.
The gnoll is almost dead.
The gnoll hits you with a club.
* * * LOW HITPOINT WARNING * * *
You closely miss the gnoll.
The gnoll is almost dead.
The gnoll hits you with a club!
You die...

##.###...########.#
#.............###..
##.###...####.##..# #
##...###.## ##.##...
..##.....##.# ##...#...
............# #.....#..
..##.....#..####<...#..
#. ##..)##...[.........
# ##@####.#####..รท..#
#g# # #.....# ..#
........# ####
####.....# .......#
.###..### #..# #..#
..###


You could see a gnoll.

Vanquished Creatures
  2 gnolls (D:3)
  An adder (D:2)
  3 worms
  2 dart slugs
  4 leopard geckos
  A giant cockroach (D:3)
  7 goblins
  5 hobgoblins
  A quokka (D:2)
  2 ball pythons
  9 bats
  A frilled lizard (D:1)
  6 kobolds
  7 rats
51 creatures vanquished.

Notes
Turn   | Place    | Note
-------+----------+-------------------------------------------
     0 | D:1      | CanadianGator the Hill Orc Fighter began the quest for the Orb.
     0 | D:1      | Reached XP level 1. HP: 19/19 MP: 1/1
   378 | D:1      | Reached XP level 2. HP: 27/27 MP: 2/2
   758 | D:2      | Reached XP level 3. HP: 30/33 MP: 3/3
  1593 | D:2      | Reached XP level 4. HP: 39/41 MP: 4/4
  1947 | D:3      | Slain by a gnoll

Skill      XL: |  1  2  3 |
---------------+----------+-----
Axes           | 3 4 |  4.9
Fighting       | 4 |  4.4
Armour         | |  3.5
Shields        | |  3.7

Action                   |  1- 3 |  4- 6 || total
-------------------------+-------+-------++-------
Melee: War axe           |   124 |    52 ||   176
  Eat: Bread ration      |     1 |       ||     1
Armor: Chain mail        |    36 |       ||    36
       Scale mail        |     3 |       ||     3
       Leather armour    |    37 |    17 ||    54
Dodge: Dodged            |    50 |    10 ||    60
Block: Shield            |    84 |    25 ||   109
